 Dungeon Crawl Stone Soup version 0.30-a0-341-g682706514a (webtiles) character file.

Game seed: 14004497917601875317

39 RascalDebosk the Magician (level 3, 0/25 HPs)
             Began as a Djinni Venom Mage on Nov 3, 2022.
             Slain by an orc wizard
             ... wielding a +0 dagger
              (1 damage)
             ... on level 3 of the Dungeon.
             The game lasted 00:11:46 (1574 turns).

RascalDebosk the Magician (Djinni Venom Mage)       Turns: 1574, Time: 00:11:47

Health: 0/25       AC:  2    Str:  7    XL:     3   Next: 67%
Gold:   56         EV: 16    Int: 18    God:
                   SH:  0    Dex: 13

rFire   + + .      SeeInvis .    j - +2 hand axe (antimagic)
rCold   x . .      Faith    .    (no shield)
rNeg    . . .      Spirit   .    a - +0 robe
rPois   ∞          Reflect  .    g - +0 hat
rElec   .          Harm     .    (no cloak)
rCorr   .          Rampage  .    (no gloves)
Will    .....                    (boots unavailable)
Stlth   ++........               (no amulet)
HPRegen 0.24/turn                c - +4 ring of evasion
MPRegen 0.00/turn                (no ring)

@: flying
A: sickness immunity, fire resistance 2, cold vulnerability 1, float, innate
caster, HP casting, extra vitality 1
a: no special abilities


You were on level 3 of the Dungeon.
You visited 1 branch of the dungeon, and saw 3 of its levels.

You collected 56 gold pieces.

Inventory:

Hand Weapons
 j - a +2 antimagic hand axe (weapon)
Armour
 a - a +0 robe (worn)
 g - a +0 hat (worn)
Jewellery
 c - a +4 ring of evasion (left hand)
Scrolls
 b - 2 scrolls of butterflies {unknown}
 d - a scroll of identify {unknown}
 e - a scroll of amnesia {unknown}
 k - a scroll of noise {unknown}
 l - a scroll of magic mapping {unknown}
Potions
 f - a potion of haste {unknown}
 h - a potion of degeneration {unknown}
 i - a potion of curing {unknown}
 m - a potion of lignification {unknown}


   Skills:
 - Level 2.1 Dodging
 - Level 1.5 Stealth
 * Level 3.4 Spellcasting


You couldn't memorise any spells.
You knew the following spells:

 Your Spells              Type           Power      Damage    Failure   Level
a - Sting                 Tmut/Pois      60%        1d6       3%          1
b - Poisonous Vapours     Pois/Air       30%        N/A       5%          2
c - Mephitic Cloud        Conj/Pois/Air  15%        N/A       11%         3
d - Olgreb's Toxic Radia  Pois           15%        N/A       36%         4
e - Apportation           Tloc           30%        N/A       3%          1
Your spell library was empty.

Dungeon Overview and Level Annotations

Branches:
Dungeon (3/15)

Altars:
Zin

Shops:
D:2 (


Innate Abilities, Weirdness & Mutations

You are immune to sickness and miasma.
You are immune to poison.
Your flesh is very heat resistant. (rF++)
You are vulnerable to cold. (rC-)
You float through the air rather than walking.
You learn spells naturally, not from books.
Your magical power is your life essence.
You have superior vitality. (+4 MHP)


Message History

Poisonous vapours surround the ball python!
The ball python is poisoned.
The hobgoblin shouts!
Casting: Poisonous Vapours (safe; 6% risk of failure)
Confirm with . or Enter, or press ? or * to list all spells.
Aiming: Poisonous Vapours (safe; 6% risk of failure)
Press: ? - help, Dir - move target, f/p - ball python
Aim: a ball python (moderately wounded, poisoned) Poisonous vapours surround the ball python!
The ball python looks even sicker.
You kill the ball python!
Casting: Poisonous Vapours (safe; 6% risk of failure)
Confirm with . or Enter, or press ? or * to list all spells.
Aiming: Poisonous Vapours (safe; 6% risk of failure)
Press: ? - help, Dir - move target, f - hobgoblin
Aim: a hobgoblin Poisonous vapours surround the hobgoblin!
The hobgoblin is poisoned.
Casting: Poisonous Vapours (safe; 6% risk of failure)
Confirm with . or Enter, or press ? or * to list all spells.
Aiming: Poisonous Vapours (safe; 6% risk of failure)
Press: ? - help, Dir - move target, f/p - hobgoblin
Aim: a hobgoblin (lightly wounded, poisoned) Poisonous vapours surround the hobgoblin!
The hobgoblin looks even sicker.
Casting: Poisonous Vapours (safe; 6% risk of failure)
Confirm with . or Enter, or press ? or * to list all spells.
Aiming: Poisonous Vapours (safe; 6% risk of failure)
Press: ? - help, Dir - move target, f/p - hobgoblin
Aim: a hobgoblin (lightly wounded, very poisoned) Poisonous vapours surround the hobgoblin!
The hobgoblin looks even sicker.
You kill the hobgoblin!
Done exploring.
Done exploring.
Search for what [Enter for "."]? .
There is a stone staircase leading down here.
You fly downwards.
There is a stone staircase leading up here.
Found 18 gold pieces.
The ball python hisses angrily.
You barely miss the ball python. The ball python bites you.
The ball python misses you. The ball python closely misses you.
The ball python grabs you. The ball python constricts you.
You barely miss the ball python. Your punch misses the ball python.
The ball python barely misses you. The ball python constricts you.
You hit the ball python.
You kill the ball python!
You see here a ball python corpse.
You now have 56 gold pieces (gained 18).
Found 5 stones.
An orc wizard and an orc come into view.
You hit the orc.
The orc is moderately wounded.
The orc misses you. The orc barely misses you.
You hit the orc.
The orc is severely wounded.
The orc hits you with a +0 club.
The orc wizard gestures wildly while chanting.
The orc wizard flickers and vanishes!
Deactivating autopickup; reactivate with Ctrl-A.
You hear a shout!
You barely miss the orc.
The orc is severely wounded.
An orc comes into view. It is wielding a +4 vorpal trident.
The orc closely misses you.
You hit the orc.
You kill the orc!
The orc curses noisily.
The orc closely misses you.
You see here a +0 club.
The orc barely misses you.
You closely miss the orc. The orc closely misses you.
You hit the orc but do no damage. The orc misses you.
You hit the orc.
You kill the orc!
You hear some strange, mumbled words.
You are confused.
A magic dart appears from out of thin air!
The magic dart hits you! Something closely misses you.
Things that are here:
a +4 vorpal trident; a +0 leather armour; an orc corpse You closely miss something.
Something hits you.
You miss something. Something hits you.
* * * LOW HITPOINT WARNING * * *
You completely miss something. Something hits you.
* * * LOW HITPOINT WARNING * * *
Something barely misses you.
You feel less confused.
You miss something.
You hear some strange, mumbled words.
A magic dart appears from out of thin air!
The magic dart hits you!
* * * LOW HITPOINT WARNING * * *
Something hits you.
You die...

#.... .... .... #.
..# #. ... #.
####.##### #.
#........# #+# #. #{#
#.# #.# #. #@# #.#
#.######. #)###.#
##.##.....
#.....###...#.####
####..##......####
#..............
#.######.####.##.###(
#........# ####.# #.
########## #.# ## #..


There were no monsters in sight!

Vanquished Creatures
  2 worms (D:2)
  2 orcs (D:3)
  2 endoplasms (D:2)
  3 goblins
  4 hobgoblins
  3 jackals (D:2)
  A quokka (D:1)
  5 ball pythons
  A bat (D:1)
  A frilled lizard (D:1)
  2 kobolds
  4 rats
30 creatures vanquished.

Notes
Turn   | Place    | Note
-------+----------+-------------------------------------------
     0 | D:1      | RascalDebosk the Djinni Venom Mage began the quest for the
                  | Orb.
     0 | D:1      | RascalDebosk set off with the following spells memorised:
                  | Sting, Poisonous Vapours, Mephitic Cloud, Olgreb's Toxic
                  | Radiance.
     0 | D:1      | Reached XP level 1. HP: 15/15 MP: 0/0
   111 | D:1      | Reached XP level 2. HP: 17/21 MP: 0/0
   930 | D:2      | Reached skill level 3 in Spellcasting
   930 | D:2      | Found a glowing silver altar of Zin.
  1009 | D:2      | Found Xeunk's Antique Weapon Shoppe.
  1019 | D:2      | Reached XP level 3. HP: 13/25 MP: 0/0
  1019 | D:2      | Learned a level 1 spell: Apportation
  1574 | D:3      | HP: 1/25 [something/magic dart (11)]
  1574 | D:3      | Slain by an orc wizard

Illustrated notes

Levels and vault maps discovered:
D:1:      dpeg_arrival_rooms_c, layout_loops_cross, dreamdust_princess_bridge
D:2:      layout_rooms, serial_shops, shop, basic_altar
D:3:      layout_loops_corners

Skill      XL: |  1  2 |
---------------+-------+-----
Spellcasting   | 3 |  3.4
Dodging        | |  2.1
Stealth        | |  1.5

Action                   || total
-------------------------++-------
Melee: Hand axe          ||    31
 Cast: Sting             ||    26
       Poisonous Vapours ||    26
       Apportation       ||     1
Armor: Robe              ||     3
Dodge: Dodged            ||    36

Table legend: (Time is in decaauts)
 A = Elapsed time spent in this place.
 B = Non-inter-level travel time spent in this place.
 C = Inter-level travel time spent in this place.
 D = Time resting spent in this place.
 E = Time spent auto-exploring this place.
 F = Levels seen in this place.
 G = Mean time per level.
                   A        B        C        D        E       F      G
               +--------+--------+--------+--------+--------+-----+--------+
         Total |   1581 |   1468 |    113 |      0 |   1174 |   3 |  527.0 |
       Dungeon |   1581 |   1468 |    113 |      0 |   1174 |   3 |  527.0 |
               +--------+--------+--------+--------+--------+-----+--------+

Top non-repeatable levels by time:
     D:1: 922 daAuts
     D:2: 605 daAuts
     D:3: 53 daAuts
